 Dungeon Crawl Stone Soup version bcrawl-1.39.1 (webtiles) character file.

Game seed: 6102419223570770744

129884 Finalfun the Distorting Demonspawn (level 6, 0/48 HPs)
             Began as a Demonspawn Abyssal Knight on Sept 21, 2023.
             Was a Believer of Lugonu.
             Slain by a bullfrog (4 damage)
             ... on level 5 of the Dungeon.
             The game lasted 00:13:40 (5042 turns).

Finalfun the Distorting Demonspawn (DsAK)           Turns: 5042, Time: 00:13:42

Health: 0/48       AC:  8    Str: 16    XL:     6   Next: 47%
Magic:  0/9        EV:  0    Int: 11    God:    Lugonu [**....]
Gold:   235        SH: 13    Dex: 13    Spells: 5/5 levels left

rFire    . . .     GDR:     27% a - +0 war axe
rCold    . . .     SeeInvis .   p - +0 large shield
rNeg     . . .     Gourm    .   h - +0 ring mail
rPois    .         Faith    .   n - +0 helmet
rElec    .         Spirit   +   (no cloak)
rCorr    .         Reflect  .   (no gloves)
MR       .....                  (no boots)
Stlth    +.........             (no amulet)
HPRegen  0.18/turn              (no ring)
MPRegen  0.11/turn              (no ring)

@: no status effects
A: yellow scales 1, powered by pain 1, magic shield
a: Depart the Abyss, Bend Space, Banish, Renounce Religion


You were on level 5 of the Dungeon.
You worshipped Lugonu.
Lugonu was pleased with you.
You were very hungry.

You visited 1 branch of the dungeon, and saw 5 of its levels.
You visited the Abyss 1 time.
You also visited: Sewer.

You collected 235 gold pieces.

Inventory:

Hand Weapons
 a - a +0 war axe (weapon)
 b - a +2 hunting sling of flaming
 y - a +0 hunting sling
Missiles
 c - 10 tomahawks of dispersal {=f}
 d - 690 stones (quivered)
 z - 254 sling bullets
 B - 53 curare-tipped needles
Armour
 f - a +1 helmet
 h - a +0 ring mail (worn)
 n - a +0 helmet (worn)
 p - a +0 large shield (worn)
 x - a +0 plate armour
Jewellery
 s - an uncursed amulet of rage {unknown}
Wands
 v - a wand of polymorph (12)
Scrolls
 i - a scroll of identify
 k - 3 scrolls of blinking
 o - a scroll of remove curse {unknown}
 t - a scroll of immolation {unknown}
 w - a scroll of amnesia {unknown}
 A - a scroll of teleportation {unknown}
Potions
 g - a potion of mutation {unknown}
 l - a potion of haste {unknown}
 m - a potion of curing {unknown}
 q - 7 potions of flight {unknown}
 r - 2 potions of might {unknown}
 u - a potion of brilliance {unknown}
Comestibles
 e - 5 rations {!d}


   Skills:
 - Level 4.0 Fighting
 + Level 3.2 Axes
 - Level 0.4(0.7) Slings
 - Level 0.8(1.0) Throwing
 - Level 2.2 Armour
 - Level 1.0 Dodging
 + Level 3.8 Shields
 - Level 4.0 Invocations


You had 5 spell levels left.
You didn't know any spells.
Your spell library was empty.

Dungeon Overview and Level Annotations

Branches:
Dungeon (5/12)
 Temple: D:4-7

Altars:
Ashenzari
Hepliaklqana

Annotations:
D:3 3 runed translucent doors, foxfromabyss's ghost, amateur OgFi
Abyss:1 Purgy


Innate Abilities, Weirdness & Mutations

You are partially covered in yellow scales. (AC +2)
You sometimes gain a little power by taking damage.
When hurt, damage is shared between your health and your magic reserves.


Message History

The bullfrog hits you but does no damage.
You block the bullfrog's attack.
You hit the bullfrog.
The bullfrog is severely wounded.
You block the bullfrog's attack. The bullfrog hits you!
* * * LOW HITPOINT WARNING * * *
You are feeling very hungry.
You closely miss the bullfrog.
The bullfrog is severely wounded.
You block the bullfrog's attack.
The bullfrog hits you but does no damage.
The bullfrog hits you!
* * * LOW HITPOINT WARNING * * *
You closely miss the bullfrog.
The bullfrog is severely wounded.
You block the bullfrog's attack. x3
You closely miss the bullfrog.
The bullfrog is severely wounded.
The bullfrog hits you.
You die...

###### #....#
#....#
#....#######
##....F......
+....@.<.....
##...........
#...........
#....#######
#..... ###...
#... #....


You could see a bullfrog.

Vanquished Creatures
  2 orc priests (D:3)
  A bullfrog zombie (D:5)
  An orc wizard (D:3)
  Ijyb (D:4)
  A worker ant (D:4)
  6 adders
  An adder skeleton (D:4)
  2 worms
  2 dart slugs
  3 leopard geckos
  4 orcs (D:3)
  A giant cockroach (D:3)
  7 goblins
  6 hobgoblins
  10 jackals
  3 quokkas
  3 ball pythons
  10 bats
  5 frilled lizards
  3 kobolds
  2 quokka skeletons
  5 rats
79 creatures vanquished.

Notes
Turn   | Place    | Note
-------+----------+-------------------------------------------
     0 | Abyss:1  | Finalfun the Demonspawn Abyssal Knight began the quest for
                  | the Orb.
     0 | Abyss:1  | Reached XP level 1. HP: 18/18 MP: 2/2
    14 | D:1      | Escaped the Abyss
   265 | D:1      | Gained mutation: You sometimes gain a little power by
                  | taking damage. [demonic ancestry]
   265 | D:1      | Reached XP level 2. HP: 24/24 MP: 4/4
  1272 | D:2      | Reached skill level 1 in Dodging
  1272 | D:2      | Reached XP level 3. HP: 29/29 MP: 5/5
  1377 | D:2      | Reached ** piety under Lugonu
  2183 | D:2      | Found a glowing silver altar of Zin.
  2183 | D:2      | Found a hazy altar of Hepliaklqana.
  2274 | D:3      | Gained mutation: When hurt, damage is shared between your
                  | health and your magic reserves. [demonic ancestry]
  2274 | D:3      | Reached XP level 4. HP: 12/37 MP: 5/7
  2383 | D:3      | Reached skill level 1 in Shields
  2392 | D:3      | Found a shattered altar of Ashenzari.
  2537 | D:3      | Found a glowing drain.
  2550 | Sewer    | Entered a sewer
  2801 | Sewer    | Noticed Purgy
  2820 | Sewer    | Banished Purgy
  2821 | Sewer    | Gained mutation: You are partially covered in yellow
                  | scales. (AC +2) [demonic ancestry]
  2821 | Sewer    | Reached XP level 5. HP: 24/42 MP: 0/8
  2970 | D:3      | Found a runed translucent gate.
  2970 | D:3      | Noticed foxfromabyss's ghost (amateur OgFi)
  2972 | D:3      | Found a runed translucent gate.
  2973 | D:3      | Found a runed translucent gate.
  3775 | D:3      | Reached XP level 6. HP: 26/48 MP: 6/9
  4440 | D:4      | Noticed Ijyb
  4459 | D:4      | Killed Ijyb
  4499 | D:4      | Noticed a sky beast
  4943 | D:5      | Entered Level 5 of the Dungeon
  5042 | D:5      | Slain by a bullfrog

Skill      XL: |  1  2  3  4  5  6 |
---------------+-------------------+-----
Armour         | 2 |  2.2
Axes           | 2 3 |  3.2
Dodging        | 1 |  1.0
Invocations    | 3 4 |  4.0
Fighting       | 4 |  4.0
Shields        | 2 3 |  3.8
Slings         | |  0.4
Throwing       | |  0.8

Action                   |  1- 3 |  4- 6 || total
-------------------------+-------+-------++-------
Melee: War axe           |   114 |   385 ||   499
 Fire: Hunting sling     |    23 |    29 ||    52
Throw: Stone             |       |     8 ||     8
Invok: Bend Space        |       |     3 ||     3
       Banish            |       |     1 ||     1
  Use: Potion            |       |     3 ||     3
       Scroll            |       |     3 ||     3
  Eat: Chunk             |     7 |    14 ||    21
       Ration            |     1 |     4 ||     5
Armor: Ring mail         |    83 |   341 ||   424
Dodge: Dodged            |    43 |     3 ||    46
Block: Large shield      |    42 |   389 ||   431
